 Dungeon Crawl Stone Soup version 0.23-a0-455-ge12115f (webtiles) character file.

128 Firecrotchwizard the Chopper (level 4, -8/40 HPs)
             Began as a Minotaur Gladiator on Nov 24, 2018.
             Mangled by a gnoll
             ... wielding a +0 spear
              (9 damage)
             ... on level 2 of the Dungeon.
             The game lasted 00:01:40 (1427 turns).

Firecrotchwizard the Chopper (Minotaur Gladiator)   Turns: 1427, Time: 00:01:41

Health: -8/40      AC:  3    Str: 19    XL:     4   Next: 86%
Magic:  3/3        EV: 13    Int:  6    God:
Gold:   65         SH:  0    Dex: 11    Spells: 3/3 levels left

rFire    . . .     SeeInvis .   a - +0 war axe
rCold    . . .     Gourm    .   (no shield)
rNeg     . . .     Faith    .   b - +0 leather armour
rPois    .         Spirit   .   c - +0 hat
rElec    .         Reflect  .   (no cloak)
rCorr    .         Harm     .   (no gloves)
MR       .....                  (no boots)
Stlth    +.........             (no amulet)
HPRegen  0.13/turn              (no ring)
MPRegen  0.08/turn              (no ring)

@: no status effects
A: retaliatory headbutt, horns 2
a: no special abilities


You were on level 2 of the Dungeon.
You were hungry.

You visited 1 branch of the dungeon, and saw 2 of its levels.

You collected 65 gold pieces.

Inventory:

Hand Weapons
 a - a +0 war axe (weapon)
Missiles
 d - 3 throwing nets {=f, !d}
Armour
 b - a +0 leather armour (worn)
 c - a +0 hat (worn)
Scrolls
 e - a scroll of identify {unknown}
 k - a scroll of amnesia {unknown}
 l - a scroll of enchant armour {unknown}
Potions
 h - 2 potions of curing {unknown}
 i - a potion of magic {unknown}
 j - a potion of berserk rage {unknown}
Comestibles
 f - 4 rations


   Skills:
 + Level 3.7 Fighting
 + Level 4.6 Axes
 + Level 3.0 Throwing
 + Level 4.2 Dodging


You had 3 spell levels left.
You didn't know any spells.
Your spell library was empty.

Dungeon Overview and Level Annotations

Branches:
Dungeon (2/15)

Altars:
The Shining One


Innate Abilities, Weirdness & Mutations

You reflexively headbutt those who attack you in melee.
You have a pair of horns on your head.


Message History

Found a stone staircase leading down.
Health restored: 38 You open the door.
There is an open door here.
Found a stone staircase leading up.
No target in view!
No target in view!
No target in view!
Some of the chunks of flesh in your inventory have rotted away.
You open the door.
There is an open door here.
There is an open door here.
Some of the chunks of flesh in your inventory have rotted away.
You open the door.
Found a glowing golden altar of the Shining One.
There is an open door here.
There is an open door here.
All of the chunks of flesh in your inventory have rotted away.
There is an open door here.
You open the door.
Found a stone staircase leading down.
There is an open door here.
No target in view!
No target in view!
A goblin comes into view. It is wielding a +0 dagger.
A goblin is nearby!
No target in view!
No target in view!
The goblin hits you with a +0 dagger.
You take 1 damage, and have 37/38 hp.
You hit the goblin. Your headbutt misses the goblin.
The goblin hits you with a +0 dagger.
You take 1 damage, and have 36/38 hp.
You barely miss the goblin. The goblin hits you but does no damage.
You hit the goblin but do no damage. Your headbutt misses the goblin.
The goblin hits you with a +0 dagger. The goblin barely misses you.
You take 3 damage, and have 34/38 hp.
You slash the goblin!
You kill the goblin!
No target in view!
You are feeling hungry.
You may need something to eat soon, looking for food.
Can't find anything matching that.
Sorry, you're not good enough to have a special ability.
You see here 14 stones.
There is a stone staircase leading down here.
A gnoll comes into view. It is wielding a +0 spear.
The gnoll shouts!
Health restored: 38 A gnoll comes into view.
It is wielding a +0 spear. x2
An adder comes into view.
A gnoll comes into view.
The gnoll shouts!
The adder hisses angrily.
There are monsters nearby!
The gnoll barely misses you.
You slash the gnoll! The gnoll hits you with a +0 spear.
You take 2 damage, and have 36/38 hp.
You barely miss the gnoll. You completely miss the adder.
The gnoll hits you from afar with a +0 spear!
The adder barely misses you. The gnoll hits you with a +0 spear.
The gnoll barely misses you. The adder misses you. You furiously retaliate!
You headbutt the adder. The gnoll barely misses you. x2
You furiously retaliate!
You headbutt the gnoll. The gnoll barely misses you.
You take 14 damage, and have 22/38 hp.
MASSIVE DAMAGE!!
Sorry, you're not good enough to have a special ability.
Sorry, you're not good enough to have a special ability.
You completely miss the adder. You slash the gnoll!
You kill the gnoll!
The adder closely misses you. The gnoll barely misses you.
The gnoll misses you.
You barely miss the adder. You headbutt the adder!
You kill the adder!
You barely miss the gnoll. The gnoll barely misses you. x2
You furiously retaliate!
You headbutt the gnoll!
The gnoll hits you from afar with a +0 spear.
You take 4 damage, and have 18/39 hp.
The gnoll closely misses you. The gnoll barely misses you.
The gnoll closely misses you. You furiously retaliate!
You headbutt the gnoll! You barely miss the gnoll. You slash the gnoll!
You kill the gnoll!
Your Throwing skill increases to level 3!
You barely miss the gnoll. The gnoll hits you with a +0 spear!
* * * LOW HITPOINT WARNING * * *
The gnoll hits you but does no damage.
You take 7 damage, and have 11/40 hp.
You hit the gnoll but do no damage. Your headbutt misses the gnoll.
You closely miss the gnoll. The gnoll hits you with a +0 spear.
* * * LOW HITPOINT WARNING * * *
The gnoll closely misses you.
A leopard gecko comes into view.
The gnoll hits you with a +0 spear!
* * * LOW HITPOINT WARNING * * *
You take 10 damage, and have 1/40 hp.
MASSIVE DAMAGE!!
The leopard gecko hisses angrily.
You hit the gnoll.
You kill the gnoll!
You hit the gnoll but do no damage. The gnoll hits you with a +0 spear!
You die...

########.# #.# .# #(#
#.# #.# #####.# #.#
#.#### #.....# #$#
#....# #.##### #.#
#....# #.# #.###....#
#.#######........#
####............))..#
...........>###.@...#
.###'######.#
#.g.....l. .##...[#
#.# ##........
(##....# #..
.........
###....#######
#........ ..........#
#........ ###
.)........# #........
###_### ..........#
#)....... #.....#
..........######
#♣...♣#


You could see a gnoll and a leopard gecko.

Vanquished Creatures
  5 adders (D:2)
  3 gnolls (D:2)
  A worm (D:2)
  2 dart slugs
  3 leopard geckos
  2 ball pythons (D:2)
  3 giant cockroaches (D:1)
  6 goblins
  6 hobgoblins
  A quokka (D:2)
  5 bats
  A frilled lizard (D:1)
  4 kobolds
  6 rats (D:1)
48 creatures vanquished.

Notes
Turn   | Place    | Note
-------+----------+-------------------------------------------
     0 | D:1      | Firecrotchwizard the Minotaur Gladiator began the quest for
                  | the Orb.
     0 | D:1      | Reached XP level 1. HP: 18/18 MP: 0/0
   115 | D:1      | Reached XP level 2. HP: 25/25 MP: 1/1
   514 | D:2      | Reached skill level 3 in Fighting
   514 | D:2      | Reached skill level 4 in Axes
   514 | D:2      | Reached XP level 3. HP: 30/31 MP: 2/2
   992 | D:2      | Reached XP level 4. HP: 38/38 MP: 3/3
  1061 | D:2      | Reached skill level 4 in Dodging
  1304 | D:2      | Found a glowing golden altar of the Shining One.
  1425 | D:2      | Reached skill level 3 in Throwing
  1426 | D:2      | HP: 10/40 [gnoll/+0 spear (1)]
  1426 | D:2      | HP: 1/40 [gnoll/+0 spear (9)]
  1427 | D:2      | Mangled by a gnoll

Vault maps used:
D:1:      dpeg_arrival_rooms_b
D:2:      lemuel_upstairs_altar, chequers_avenue, tso_altar

Skill      XL: |  1  2  3  4 |
---------------+-------------+-----
Fighting       | 3 |  3.7
Axes           | 4 |  4.6
Dodging        | 4 |  4.2
Throwing       | 3 |  3.0

Action                   |  1- 3 |  4- 6 || total
-------------------------+-------+-------++-------
Melee: War axe           |    56 |    26 ||    82
       Headbutt          |    12 |     2 ||    14
  Eat: Chunk             |       |     1 ||     1
Armor: Leather armour    |    13 |     3 ||    16
Dodge: Dodged            |    60 |    28 ||    88

Table legend:
 A = Non-vault XP
 B = Vault XP
 C = Vault XP percentage of total XP
 D = Non-vault monster count
 E = Vault monster count
 F = Vault count percentage of total count
                 A         B        C        D         E       F
            +---------+---------+-------+---------+---------+-------
      Total |     183 |       0 |   0.0 |      48 |       0 |   0.0
            +---------+---------+-------+---------+---------+-------
        D:1 |      34 |       0 |   0.0 |      21 |       0 |   0.0
        D:2 |     149 |       0 |   0.0 |      27 |       0 |   0.0
            +---------+---------+-------+---------+---------+-------

Vault maps used:
D:1:      dpeg_arrival_rooms_b
D:2:      lemuel_upstairs_altar, chequers_avenue, tso_altar

Table legend:
 A = Turns spent in this place as a percentage of turns spent in the entire game.
 B = Non-inter-level travel turns spent in this place as a percentage of non-inter-level travel turns spent in the entire game.
 C = Inter-level travel turns spent in this place as a percentage of turns spent in this place.
 D = Turns resting spent in this place as a percentage of non-inter-level travel turns spent in this place.
 E = Turns spent auto-exploring this place as a percentage of non-inter-level travel turns spent in this place.
 F = Non-inter-level travel turns spent in this place divided by the number of levels of this place that you've seen.
                   A       B       C       D       E      F
               +-------+-------+-------+-------+-------+----------------------
         Total | 100.0 | 100.0 |   2.7 |  32.7 |  53.5 | 694.5
       Dungeon | 100.0 | 100.0 |   2.7 |  32.7 |  53.5 | 694.5
               +-------+-------+-------+-------+-------+----------------------

Table legend:
 A = Kills in this place as a percentage of kills in entire the game.
 B = Kills by you in this place as a percentage of kills by you in the entire game.
 C = Kills by friends in this place as a percentage of kills by friends in the entire game.
 D = Other kills in this place as a percentage of other kills in the entire game.
 E = Experience gained in this place as a percentage of experience gained in the entire game.
 F = Experience gained in this place divided by the number of levels of this place that you have seen.
                   A       B       C       D       E      F
               +-------+-------+-------+-------+-------+----------------------
         Total | 100.0 | 100.0 |   N/A |   N/A | 100.0 |  91.5
       Dungeon | 100.0 | 100.0 |   N/A |   N/A | 100.0 |  91.5
               +-------+-------+-------+-------+-------+----------------------
